AoeStats
← NuclearBananas

Highland

504346468Analyzed
2v2 RM · 27d ago on Sep 5, 2026· 72m 21s· 4 players
Game mode
Random Map
Map size
Medium (4 player)
Population
200
Speed
Normal
Resources
Standard
Victory
Conquest
Starting age
Dark Age
Ending age
Imperial Age
RankedLock teamsTeams togetherTeam positionsShared explorationLock speedFull tech treeHidden civsTurbo modeCheats
Victory
Defeat
🇨🇴 Armenians · Colombia
957
+13
🇨🇴 Georgians · Colombia
911
+15
🇺🇸 Koreans · United States
906
-14
🇺🇸 Japanese · United States
892
-14
briandwjohnson
1:29 Loom
12:52 Feudal Age
15:44 Double-Bit Axe
15:36 Man-at-Arms
18:00 Town Watch
21:46 Arson
22:06 Scale Mail Armor
22:17 Forging
31:47 Castle Age
36:10 Horse Collar
37:55 Stone Mining
38:28 Chain Mail Armor
38:49 Iron Casting
41:00 Town Patrol
45:07 Wheelbarrow
46:00 Gold Mining
47:31 Gold Shaft Mining
47:20 Hand Cart
51:37 Imperial Age
56:25 Elite Samurai
60:34 Kataparuto
64:19 Caravan
66:16 Hoardings
65:45 Squires
65:33 Gambesons
66:20 Plate Mail Armor
66:51 Blast Furnace
66:37 Parthian Tactics
69:13 Yasama
69:00 Heavy Cavalry Archer
NuclearBananas
8:55 Loom
10:40 Feudal Age
12:03 Double-Bit Axe
12:14 Horse Collar
15:22 Fletching
18:29 Wheelbarrow
21:14 Town Watch
22:51 Stone Mining
25:31 Castle Age
28:17 Eupseong
28:23 Gold Mining
29:05 Medium Warships
34:46 Imperial Age
32:17 Crossbowman
34:37 Stone Shaft Mining
34:14 Thumb Ring
35:24 Forging
35:09 Bodkin Arrow
35:26 Forging
35:27 Arbalester
36:34 Ballistics
37:14 Chemistry
37:02 Hand Cart
37:18 Arrowslits
38:41 Bracer
42:00 Elite Turtle Ship
43:15 Conscription
45:48 Heavy Warships
48:01 Bow Saw
47:18 Elite Fire Lancer
50:49 Shipwright
50:43 Clinker Construction
50:45 Careening
50:57 Shipwright
51:31 Iron Casting
50:56 Scale Mail Armor
55:34 Chain Mail Armor
58:05 Plate Mail Armor
64:03 Elite Turtle Ship
64:20 Heavy Rocket Cart
66:55 Caravan
Traeri
5:32 Loom
10:32 Feudal Age
11:52 Double-Bit Axe
15:59 Horse Collar
16:35 Town Watch
17:56 Bloodlines
17:56 Gold Mining
21:17 Fletching
22:43 Scale Barding Armor
22:48 Forging
28:43 Castle Age
30:19 Bodkin Arrow
31:24 Husbandry
32:04 Chain Barding Armor
32:10 Bow Saw
32:52 Ballistics
35:04 Fortified Wall
41:13 Imperial Age
39:29 Masonry
39:47 Elite Skirmisher
41:13 Wheelbarrow
41:51 Padded Archer Armor
43:15 Bracer
47:59 Leather Archer Armor
49:10 Light Cavalry
50:27 Hand Cart
51:45 Hussar
53:05 Plate Barding Armor
56:27 Chemistry
55:10 Treadmill Crane
56:04 Capped Ram
59:08 Iron Casting
60:34 Siege Ram
66:19 Conscription
66:06 Aznauri Cavalry
67:27 Blast Furnace
69:40 Onager
Doc.Exe
7:05 Loom
13:47 Feudal Age
15:27 Horse Collar
24:14 Castle Age
23:09 Forging
22:22 Man-at-Arms
23:27 Arson
23:13 Long Swordsman
25:24 Two-Handed Swordsman
26:42 Squires
27:31 Medium Warships
28:53 Iron Casting
31:17 Double-Bit Axe
36:00 Imperial Age
33:29 Champion
35:02 Scale Mail Armor
36:09 Wheelbarrow
35:20 Fishing Lines
37:07 Hand Cart
36:31 Elite Skirmisher
37:29 Chain Mail Armor
37:10 Gold Mining
37:02 Capped Ram
38:49 Blast Furnace
38:35 Siege Ram
40:29 Fereters
41:21 Conscription
41:04 Fletching
41:21 Town Watch
41:53 Gambesons
42:41 Plate Mail Armor
42:07 Bodkin Arrow
42:30 Cilician Fleet
45:04 Chemistry
44:10 Bracer
44:58 Bow Saw
45:01 Padded Archer Armor
45:42 Ballistics
47:08 Heavy Warships
48:04 Leather Archer Armor
50:03 Clinker Construction
50:03 Careening
51:11 Ring Archer Armor
52:05 Gold Shaft Mining
59:35 Carvel Hull
59:37 Dry Dock
60:50 Caravan
64:50 Masonry
67:42 Murder Holes
Connection lost

Rejoining the realm…

Still unreachable

The connection could not be restored.

Session expired

The server has moved on; the page needs a fresh start.